 Dungeon Crawl Stone Soup version 0.28-a0-845-gfc338a8e3c (webtiles) character file.

Game seed: 6783976182764676854

81 marklar909 the Skirmisher (level 4, -3/39 HPs)
             Began as a Palentonga Abyssal Knight on Nov 13, 2021.
             Was a Believer of Lugonu.
             Slain by a black bear (6 damage)
             ... on level 4 of the Dungeon.
             The game lasted 00:03:23 (1967 turns).

marklar909 the Skirmisher (PaAK)                    Turns: 1967, Time: 00:03:25

Health: -3/39      AC:  5    Str: 17    XL:     4   Next: 19%
Magic:  5/6        EV:  9    Int: 11    God:    Lugonu [**....]
Gold:   73         SH:  0    Dex: 10    Spells: 3/3 levels left

rFire   . . .      SeeInvis +   a - +2 mace
rCold   . . .      Faith    .   (no shield)
rNeg    . . .      Spirit   .   b - +0 leather armour
rPois   .          Reflect  .   d - +0 helmet
rElec   .          Harm     .   (no cloak)
rCorr   .          Rampage  .   (no gloves)
Will    .....                   (no barding)
Stlth   +.........              k - amulet of regeneration
HPRegen 1.13/turn               (no ring)
MPRegen 0.10/turn               (no ring)

@: no status effects
A: large, rugged brown scales 3, see invisible, deformed body, roll 1, armoured
tail
a: Rolling Charge, Renounce Religion, Depart the Abyss, Bend Space


You were on level 4 of the Dungeon.
You worshipped Lugonu.
Lugonu was pleased with you.
You visited 1 branch of the dungeon, and saw 4 of its levels.
You visited the Abyss 1 time.

You collected 73 gold pieces.

Inventory:

Hand Weapons
 a - a +2 mace (weapon)
Missiles
 j - 20 poisoned darts
Armour
 b - a +0 leather armour (worn)
 d - a +0 helmet (worn)
Jewellery
 k - an amulet of regeneration (around neck)
Scrolls
 h - 2 scrolls of blinking
 m - 2 scrolls of amnesia
 n - a scroll of magic mapping {unknown}
Potions
 c - a potion of curing
 e - a potion of might {unknown}
 f - 2 potions of attraction
 g - a potion of magic {unknown}
 i - a potion of haste {unknown}
 l - a potion of degeneration {unknown}


   Skills:
 + Level 3.7 Fighting
 + Level 2.7 Maces & Flails
 * Level 2.2 Armour
 + Level 1.0 Dodging
 * Level 2.7 Invocations


You had 3 spell levels left.
You didn't know any spells.
Your spell library contained the following spells:

 Spells                   Type           Power      Damage    Failure   Level
 Apportation              Tloc           0%         N/A       38%         1
 Shock                    Conj/Air       0%         1d3       38%         1
 Slow                     Hex            0%         N/A       38%         1
 Poisonous Vapours        Pois/Air       0%         N/A       54%         2
 Confusing Touch          Hex            0%         N/A       77%         3
 Conjure Flame            Conj/Fire      0%         6-21      77%         3
 Inner Flame              Hex/Fire       0%         N/A       77%         3
 Mephitic Cloud           Conj/Pois/Air  0%         N/A       77%         3
 Spider Form              Tmut/Pois      0%         N/A       77%         3
 Swiftness                Air            0%         N/A       77%         3
 Airstrike                Air            0%         N/A       99%         4
 Alistair's Intoxication  Tmut/Pois      0%         N/A       100%        5
 Yara's Violent Unravell  Hex/Tmut       0%         3d3       100%        5


Dungeon Overview and Level Annotations

Branches:
Dungeon (4/15)
 Temple: D:4-7

Altars:
Fedhas
Zin

Shops:
D:1 :[:[

Annotations:
D:2 Sigmund


Innate Abilities, Weirdness & Mutations

You are completely covered in rugged brown scales. (AC +3, +7% HP)
You have supernaturally acute eyesight. (SInv)
Armour fits poorly on your strangely shaped body.
You can roll at nearby foes to attack.
You have a long armoured tail.


Message History

Okay, then.
You aren't carrying any items that you can evoke.
You barely miss the black bear. The black bear bites you.
The black bear claws you but does no damage.
The black bear claws you.
You sock the black bear!
The black bear is moderately wounded.
The black bear bites you.
The black bear claws you but does no damage. x2
The black bear barely misses you. The black bear completely misses you.
The black bear claws you.
You hit the black bear.
Your tail-slap misses the black bear.
The black bear is heavily wounded.
The black bear closely misses you. x2; The black bear barely misses you.
You hit the black bear.
The black bear is severely wounded.
The black bear bites you. The black bear barely misses you.
The black bear closely misses you.
You hit the black bear.
The black bear is severely wounded.
The black bear bites you. The black bear claws you.
The black bear barely misses you.
The black bear goes berserk!
You hit the black bear.
The black bear is almost dead.
The black bear bites you.
The black bear claws you but does no damage. x2
The black bear bites you.
The black bear claws you but does no damage.
The black bear claws you. Space bends around you!
You blink.
The black bear bites you.
The black bear claws you but does no damage.
The black bear claws you.
* * * LOW HITPOINT WARNING * * *
You fail to use your ability.
The black bear bites you!
* * * LOW HITPOINT WARNING * * *
The black bear claws you but does no damage.
The black bear claws you.
* * * LOW HITPOINT WARNING * * *
The black bear bites you.
You die...

#.###..<..... #.#
#.#.##..# #.###.#.##
.# #........#..#
#######..###<.....#
## #........#
#...#.## ...........#
###...#
#####.#######.# .###
.....!.@h§....# .#
......#######.......#
##### ########


You could see a black bear (berserk).

Vanquished Creatures
  4 adders
  A dart slug (D:1)
  An orc (D:3)
  3 bats
  3 endoplasms
  3 giant cockroaches
  7 hobgoblins
  4 jackals (D:2)
  A quokka (D:1)
  3 ball pythons
  A frilled lizard (D:1)
  4 kobolds
  4 rats (D:1)
39 creatures vanquished.

Notes
Turn   | Place    | Note
-------+----------+-------------------------------------------
     0 | Abyss:1  | marklar909 the Palentonga Abyssal Knight began the quest
                  | for the Orb.
     0 | Abyss:1  | Reached XP level 1. HP: 19/19 MP: 2/2
   166 | Abyss:1  | Found a corrupted altar of Lugonu.
   171 | D:1      | Escaped the Abyss
   273 | D:1      | Found Oleawk's Armour Shoppe.
   280 | D:1      | Reached XP level 2. HP: 22/25 MP: 3/3
   596 | D:1      | Found Osin's Book Shoppe.
   711 | D:1      | Found Xetadd's Antique Armour Boutique.
   724 | D:1      | Found Sosoc's Book Shoppe.
   866 | D:1      | Got the Handbook of Poisoning and Heat
  1027 | D:2      | Noticed Sigmund
  1107 | D:2      | Reached ** piety under Lugonu
  1111 | D:2      | Reached XP level 3. HP: 25/31 MP: 4/4
  1470 | D:3      | Found a blossoming altar of Fedhas.
  1476 | D:3      | Reached skill level 1 in Dodging
  1626 | D:3      | Noticed a golden eye
  1631 | D:3      | Noticed a floating eye
  1633 | D:3      | Found a faded altar of an unknown god.
  1635 | D:3      | Noticed a floating eye
  1656 | D:3      | Noticed an eye of devastation
  1672 | D:3      | Reached XP level 4. HP: 39/39 MP: 5/5
  1675 | D:3      | Found a glowing silver altar of Zin.
  1955 | D:4      | Noticed a black bear
  1967 | D:4      | Slain by a black bear

Illustrated notes

Levels and vault maps discovered:
D:1:      lemuel_arrival_hallway, layout_basic, serial_shops,
          nicolae_shop_trees, nicolae_square_shop, nicolae_shop_stone,
          nicolae_shop_behind_doors
D:2:      layout_basic, minmay_crystal_water, uniq_crazy_yiuf_cottage,
          uniq_sigmund
D:3:      layout_rooms, mainiacjoe_overflow_cross_hatched, fedhas_altar_1,
          serial_glass, glass_columns_a, glass_columns_a, glass_columns_a,
          glass_columns_b, glass_columns_a, glass_columns_b, glass_columns_b,
          glass_columns_b, minmay_strange_pillars, minmay_strange_pillars,
          feat_on_display, item_on_display_a,
          hellmonk_ecumenical_altar_watching_god
D:4:      layout_loops_ring, kennysheep_little_box, st_stairs_6,
          grunt_ministairs_8, minmay_misc_feat_tower

Skill      XL: |  1  2  3 |
---------------+----------+-----
Armour         | 2 |  2.2
Dodging        | 1 |  1.0
Fighting       | |  3.7
Maces & Flails | |  2.7
Invocations    | |  2.7

Action                   |  1- 3 |  4- 6 || total
-------------------------+-------+-------++-------
Melee: Mace              |   100 |    21 ||   121
       Tailslap          |     5 |       ||     5
Invok: Bend Space        |       |     1 ||     1
  Use: Scroll            |     5 |     1 ||     6
Armor: Leather armour    |    63 |    14 ||    77
Dodge: Dodged            |    57 |    24 ||    81

Table legend: (Time is in decaauts)
 A = Elapsed time spent in this place.
 B = Non-inter-level travel time spent in this place.
 C = Inter-level travel time spent in this place.
 D = Time resting spent in this place.
 E = Time spent auto-exploring this place.
 F = Levels seen in this place.
 G = Mean time per level.
                   A        B        C        D        E       F      G
               +--------+--------+--------+--------+--------+-----+--------+
         Total |   2002 |   1905 |     97 |    114 |   1238 |   5 |  400.4 |
       Dungeon |   1830 |   1733 |     97 |    114 |   1230 |   4 |  457.5 |
         Abyss |    171 |    171 |      0 |      0 |      8 |   1 |  171.0 |
               +--------+--------+--------+--------+--------+-----+--------+

Top non-repeatable levels by time:
     D:1: 859 daAuts
     D:3: 475 daAuts
     D:2: 458 daAuts
 Abyss:1: 171 daAuts
     D:4: 37 daAuts
